 Dungeon Crawl Stone Soup version 0.29-a0-1016-g236c7fd91e (webtiles) character file.

Game seed: 2992334069242006511

310 nickcage the Cudgeller (level 6, -1/50 HPs)
             Began as a Palentonga Berserker on Aug 9, 2022.
             Was a Believer of Trog.
             Slain by a gnoll
             ... wielding a +0 club
              (3 damage)
             ... on level 3 of the Dungeon.
             The game lasted 00:05:34 (1783 turns).

nickcage the Cudgeller (Palentonga Berserker)       Turns: 1783, Time: 00:05:34

Health: -1/50      AC:  8    Str: 24    XL:     6   Next: 18%
Magic:  6/6        EV:  4    Int:  8    God:    Trog [**....]
Gold:   138        SH:  0    Dex:  9    Spells: 5/5 levels left

rFire   . . .      SeeInvis +   a - +0 mace
rCold   . . .      Faith    .   (no shield)
rNeg    . . .      Spirit   .   g - +0 plate armour
rPois   .          Reflect  .   (no helmet)
rElec   .          Harm     .   (no cloak)
rCorr   .          Rampage  .   (no gloves)
Will    .....                   (no barding)
Stlth   ..........              (no amulet)
HPRegen 0.16/turn               i - ring of flight
MPRegen 0.10/turn               (no ring)

@: on berserk cooldown, flying, slowed, very slow
A: large, rugged brown scales 3, see invisible, deformed body, roll 1, armoured
tail
a: Rolling Charge, Renounce Religion, Berserk, Trog's Hand


You were on level 3 of the Dungeon.
You worshipped Trog.
Trog was pleased with you.
You visited 1 branch of the dungeon, and saw 3 of its levels.

You collected 138 gold pieces.

Inventory:

Hand Weapons
 a - a +0 mace (weapon)
Armour
 b - a +0 animal skin
 g - a +0 plate armour (worn)
Jewellery
 i - a ring of flight (left hand)
Scrolls
 c - a scroll of immolation {unknown}
 d - a scroll of summoning {unknown}
 f - 5 scrolls of identify {unknown}
 j - 2 scrolls of teleportation {unknown}
 k - a scroll of amnesia {unknown}
 m - a scroll of magic mapping {unknown}
 p - a scroll of enchant weapon {unknown}
Potions
 e - a potion of curing {unknown}
 h - a potion of heal wounds {unknown}
 l - a potion of brilliance {unknown}
 n - a potion of berserk rage {unknown}
 o - a potion of haste {unknown}


   Skills:
 - Level 3.0 Fighting
 + Level 7.0 Maces & Flails
 - Level 1.5 Armour
 - Level 1.5 Dodging


You had 5 spell levels left.
You didn't know any spells.
Your spell library was empty.

Dungeon Overview and Level Annotations

Branches:
Dungeon (3/15)

Altars:


Innate Abilities, Weirdness & Mutations

You are completely covered in rugged brown scales. (AC +3, +7% HP)
You have supernaturally acute eyesight. (SInv)
Armour fits poorly on your strangely shaped body.
You can roll at nearby foes to attack.
You have a long armoured tail.


Message History

You are held in a net!
You are held in a net!
You are held in a net!
You struggle against the net.
You struggle against the net.
You feel a strong urge to attack something.
You are no longer berserk.
You are exhausted.
You feel yourself slow down. The gnoll hits you but does no damage.
The hobgoblin hits you.
You struggle against the net.
The gnoll hits you from afar with a +0 spear.
The hobgoblin hits you but does no damage.
The gnoll hits you but does no damage.
The hobgoblin hits you but does no damage.
You rip the net and break free!
The gnoll barely misses you. The gnoll hits you but does no damage.
The hobgoblin hits you but does no damage.
You closely miss the hobgoblin.
The gnoll hits you from afar with a +0 spear.
The hobgoblin hits you.
The gnoll hits you but does no damage. x2
The hobgoblin hits you but does no damage.
The gnoll hits you but does no damage. The gnoll hits you with a +0 flail.
The gnoll hits you but does no damage.
You hit the hobgoblin.
The hobgoblin is heavily wounded.
The gnoll hits you but does no damage.
The hobgoblin hits you but does no damage.
The gnoll hits you with a +0 club. The gnoll hits you with a +0 flail!
You thump the hobgoblin!
You kill the hobgoblin!
Trog accepts your kill. The gnoll hits you but does no damage.
The gnoll hits you with a +0 flail!
* * * LOW HITPOINT WARNING * * *
The gnoll hits you from afar with a +0 spear.
* * * LOW HITPOINT WARNING * * *
The gnoll hits you with a +0 flail!
* * * LOW HITPOINT WARNING * * *
The gnoll hits you with a +0 club.
You die...

#.# #.# #.##.# .# #.#
#....##. #.# ##.#.... #
##.### ...... .#.
.....## #.##.# ....
......#######.##.##.....
....#...........gg...#
#...รท..........)@gg..#
##.#.########.####..##
#(#.# #.....# $# #.#.#
#.##### # ##.#.# #.#
...#.####.# .###...##.#
..........# .#####.####


You could see 4 gnolls.

Vanquished Creatures
  Sigmund (D:3)
  Jessica (D:2)
  4 gnolls (D:3)
  3 adders
  4 bats
  4 endoplasms
  A giant cockroach (D:2)
  6 goblins
  4 hobgoblins
  4 jackals
  4 quokkas
  3 ball pythons
  2 frilled lizards (D:1)
  6 kobolds
  7 rats
54 creatures vanquished.

Notes
Turn   | Place    | Note
-------+----------+-------------------------------------------
     0 | D:1      | nickcage the Palentonga Berserker began the quest for the
                  | Orb.
     0 | D:1      | Reached XP level 1. HP: 19/19 MP: 1/1
   372 | D:1      | Reached XP level 2. HP: 25/25 MP: 2/2
   868 | D:2      | Reached skill level 4 in Maces & Flails
   968 | D:2      | Reached XP level 3. HP: 31/31 MP: 3/3
  1047 | D:2      | Reached ** piety under Trog
  1081 | D:2      | Noticed Jessica
  1083 | D:2      | Killed Jessica
  1084 | D:2      | Reached skill level 5 in Maces & Flails
  1084 | D:2      | Reached XP level 4. HP: 37/37 MP: 4/4
  1208 | D:2      | Found a faded altar of an unknown god.
  1560 | D:3      | Reached XP level 5. HP: 43/43 MP: 5/5
  1763 | D:3      | Noticed Sigmund
  1773 | D:3      | Killed Sigmund
  1774 | D:3      | Reached skill level 7 in Maces & Flails
  1774 | D:3      | Reached XP level 6. HP: 50/50 MP: 6/6
  1783 | D:3      | HP: 2/50 [gnoll/+0 flail (7)]
  1783 | D:3      | Slain by a gnoll

Illustrated notes

Levels and vault maps discovered:
D:1:      minmay_arrival_radiant_lines, layout_loops_ring, nrook_loot_triangle,
          minmay_cupped
D:2:      layout_rooms, hellmonk_ecumenical_altar_dog_temple, st_stairs_7,
          uniq_jessica
D:3:      layout_loops_ring, biasface_ghost_orc_armoury, uniq_sigmund

Skill      XL: |  1  2  3  4  5 |
---------------+----------------+-----
Maces & Flails | 4 5 7 |  7.0
Fighting       | |  3.0
Armour         | |  1.5
Dodging        | |  1.5

Action                   |  1- 3 |  4- 6 || total
-------------------------+-------+-------++-------
Melee: Mace              |    83 |    58 ||   141
       Tailslap          |     6 |    11 ||    17
       Punch             |     1 |     1 ||     2
Invok: Berserk           |       |     1 ||     1
 Abil: Rolling Charge    |     3 |     2 ||     5
 Stab: Sleeping          |     1 |       ||     1
Armor: Animal skin       |     6 |       ||     6
       Plate armour      |    68 |    44 ||   112
Dodge: Dodged            |    35 |    14 ||    49

Table legend: (Time is in decaauts)
 A = Elapsed time spent in this place.
 B = Non-inter-level travel time spent in this place.
 C = Inter-level travel time spent in this place.
 D = Time resting spent in this place.
 E = Time spent auto-exploring this place.
 F = Levels seen in this place.
 G = Mean time per level.
                   A        B        C        D        E       F      G
               +--------+--------+--------+--------+--------+-----+--------+
         Total |   1803 |   1743 |     60 |      0 |   1415 |   3 |  601.0 |
       Dungeon |   1803 |   1743 |     60 |      0 |   1415 |   3 |  601.0 |
               +--------+--------+--------+--------+--------+-----+--------+

Top non-repeatable levels by time:
     D:1: 715 daAuts
     D:2: 647 daAuts
     D:3: 440 daAuts
